Unix NetHack Version 3.7.0-84 Work-in-progress - last build May 8 2023 12:40:53 (a521f9c9ba282fe1dbcfd9214424a180692735d4,branch:master). Game began 2023-05-08 15:29:47, ended 2023-05-12 00:24:56. Zega, neutral male human Tourist -------------- .....%.%......| ...----|----...--- |... !.)-- .%. -....| |..............-- .%. -.%.----- ----- |....).........| ... |......... ...| -----...------ .%. -------... ---------..-- --%- % --|- |.@.....|...-- ..... -----|----- ... |...@...|....---...... ---......%..--- |...@A@.-Eg.D.-...... |......%......| - |.......|....---... |. ----.---- .| - |.......|...-- | |.......| | ---------..-- |.......| ...| |..._...| ----- |.......| |.......| --------- Zega the Traveler St:18/16 Dx:19 Co:18 In:18 Wi:19 Ch:14 Neutral S:1028476 Astral Plane $:0 HP:143(208) Pw:73(100) AC:-37 Xp:14/84887 T:53437 Latest messages: The black dragon bites the winged gargoyle. The black dragon hits the winged gargoyle. The black dragon knocks the winged gargoyle back with a powerful strike! The black dragon hits the winged gargoyle. The invisible Angel of The Lady zaps you with a magic missile! The magic missile hits the invisible stalker. The magic missile whizzes by you! The magic missile hits the black dragon! The Angel of Blind Io wields a long sword! The Angel of Blind Io points at you, then curses. The high priest intones: "Pilgrim, you enter a sacred place!" The invisible stalker misses it. The Angel of Blind Io points at you, then curses. The priestess of Blind Io wields a mace! You hear an Angel of Moloch reading a scroll of create monster. You hear a nearby zap. The sleep ray whizzes by you! The sleep ray hits the Angel of Blind Io. You hear a rumbling noise. The Angel of Blind Io swings his long sword at the priestess of Blind Io. The Angel of Blind Io hits the priestess of Blind Io. The Angel of Blind Io swings his long sword at the priestess of Blind Io. The Angel of Blind Io hits the priestess of Blind Io. The Angel of Blind Io hits the priestess of Blind Io. The priestess of Blind Io turns to flee. The black dragon bites it. The black dragon hits it. The black dragon hits it. It misses the black dragon. It misses the black dragon. You hear a chugging sound. The Angel of Blind Io swings his long sword at the priestess of Blind Io. The Angel of Blind Io hits the priestess of Blind Io. The Angel of Blind Io swings his long sword at the priestess of Blind Io. The Angel of Blind Io hits the priestess of Blind Io. The Angel of Blind Io hits the priestess of Blind Io. There is a high altar to The Lady (neutral) here. What do you want to sacrifice? [S or ?*] S You offer the Amulet of Yendor to The Lady... An invisible choir sings, and you are bathed in radiance... The voice of The Lady booms out: "Mortal, thou hast done well!" "In return for thy service, I grant thee the gift of Immortality!" You ascend to the status of Demigod... Do you want your possessions identified? [ynq] (y) y Do you want to see your attributes? [ynq] (y) y Do you want an account of creatures vanquished? [ynaq] (y) y Do you want a list of species genocided and extinct? [ynaq] (y) y Do you want to see your conduct and achievements? [ynq] (y) y Do you want to see the dungeon overview? [ynq] (y) y Inventory: Amulets T - an uncursed amulet of life saving e - an uncursed amulet of magical breathing k - an uncursed greased amulet of reflection (being worn) Weapons I - 48 blessed poisoned rustproof +6 darts A - a blessed +7 silver saber (wielded in left hand) w - the blessed rustproof +7 Vorpal Blade (wielded in right hand) Armor f - a blessed greased +4 helm of brilliance (being worn) u - a blessed greased fireproof +4 pair of gauntlets of dexterity (being worn) V - a blessed greased fireproof +4 pair of speed boots (being worn) j - a blessed greased fireproof +4 cloak of displacement (being worn) y - a blessed +5 Hawaiian shirt with a giant eel motif (being worn) c - a blessed +4 gray dragon scale mail (being worn) Comestibles Q - an uncursed partly eaten food ration U - an uncursed fortune cookie o - an uncursed K-ration Z - an uncursed pancake B - an uncursed tin of boiled Woodland-elf meat Y - 4 uncursed lizard corpses Scrolls h - 2 uncursed scrolls of light t - a cursed scroll of teleportation Potions K - an uncursed potion of sickness Rings C - a cursed ring of conflict (on left hand) L - an uncursed ring of levitation a - an uncursed +3 ring of protection (on right hand) Wands x - a wand of cold (0:6) E - a wand of create monster (0:11) J - a cursed wand of create monster (0:15) m - a wand of death (2:0) r - a wand of digging (0:6) P - a wand of digging (0:5) g - a wand of digging (0:3) W - a wand of fire (0:7) M - a wand of fire (2:0) O - a wand of light (0:13) R - a wand of light (0:10) v - a wand of secret door detection (2:4) G - a wand of slow monster (0:4) X - a wand of striking (0:1) d - a wand of teleportation (0:0) D - a wand of teleportation (0:0) F - a wand of undead turning (0:7) Tools i - a blessed greased bag of holding containing 56 items b - an uncursed greased blindfold H - a can of grease (1:2) p - the uncursed Candelabrum of Invocation (0 of 7 candles attached) n - a magic marker (1:33) l - an uncursed oil lamp q - an uncursed skeleton key s - an uncursed greased stethoscope z - a blessed greased +0 unicorn horn Gems/Stones N - a blessed greased luckstone Contents of the bag of holding: 310 gold pieces an uncursed amulet of flying an uncursed amulet of magical breathing a blessed poisoned rustproof +6 dart an uncursed scroll of amnesia 18 uncursed scrolls of blank paper a cursed scroll of blank paper a blessed scroll of charging an uncursed scroll of confuse monster a cursed scroll of confuse monster a blessed scroll of create monster 3 uncursed scrolls of create monster a cursed scroll of create monster an uncursed scroll of destroy armor 2 blessed scrolls of identify an uncursed scroll of identify a cursed scroll of identify 4 blessed scrolls of remove curse an uncursed scroll of remove curse 4 uncursed scrolls of remove curse 3 blessed scrolls of taming an uncursed scroll of teleportation 4 uncursed scrolls of teleportation 2 cursed scrolls of teleportation an uncursed potion of confusion an uncursed potion of extra healing a blessed potion of fruit juice an uncursed potion of healing an uncursed potion of invisibility a cursed potion of oil an uncursed potion of see invisible an uncursed potion of sickness an uncursed ring of conflict a cursed ring of conflict an uncursed ring of free action an uncursed ring of polymorph a blessed ring of polymorph control a wand of digging (0:1) a wand of digging (0:0) a wand of enlightenment (0:8) a wand of light (0:7) a wand of lightning (0:0) a wand of locking (0:4) a wand of magic missile (0:2) a wand of polymorph (1:6) a wand of probing (0:8) a wand of secret door detection (3:1) a wand of sleep (0:2) a wand of speed monster (0:3) a wand of striking (1:3) a wand of striking (0:5) a wand of striking (0:2) a wand of striking (0:0) a wand of striking (0:0) a blessed wand of wishing (1:0) the blessed greased Platinum Yendorian Express Card Zega the Tourist's attributes: Background: You were a Traveler, a level 14 male human Tourist. You were neutral, on a mission for The Lady who was opposed by Blind Io (lawful) and Offler (chaotic). You were in the endgame, on the Astral Plane. You entered the dungeon 53437 turns ago. It was the midnight hour. You had 84887 experience points, 75113 more were needed to attain level 15. Your score was 1028476 before end-of-game adjustments. Basics: You had 143 out of 208 hit points. You had 73 out of 100 energy points (spell power). Your armor class was -37. Your wallet was empty, but you had 310 zorkmids stashed away in your pack. Autopickup was on for '$"=/!?' plus thrown. Final Characteristics: Your strength was 18/16 (peak:18/17, limit:18/100). Your dexterity was 19 (base:15, peak:18, innate limit:18). Your constitution was 18 (limit:18). Your intelligence was 18 (base:14, limit:18). Your wisdom was 19 (base:15, peak:18, innate limit:18). Your charisma was 14 (limit:18). Final Status: You were not hungry. You were unencumbered. You were wielding two weapons at once. You had basic skill with long sword and two weapons. Your skill in saber was limited by being basic with two weapons. You could have enhanced skill with two weapons. Final Attributes: You were piously aligned. You were magic-protected. You were fire resistant. You were cold resistant. You were sleep resistant. You were shock resistant. You were poison resistant. You saw invisible. You were telepathic. You had automatic searching. You were invisible to others. You were displaced. You caused conflict. You had teleport control. You had a moderate bonus to hit (+4). You had a moderate defense bonus (+9). You were guarded. You were very fast. You had reflection. You were lucky. You had extra luck. Good luck did not time out for you. You survived. Miscellaneous: You disabled loading of bones levels. Total elapsed playing time was 13 hours, 4 minutes and 17 seconds. Major events: Turn 1: Zega the neutral male human Tourist entered the dungeon 2466: attained the rank of Sightseer (level 3) 3700: entered the Gnomish Mines 4628: reached Mine Town 4824: attained the rank of Excursionist (level 6) 13450: entered Sokoban 13909: completed 1st Sokoban level 14450: completed 2nd Sokoban level 14803: completed 3rd Sokoban level 15703: completed 4th Sokoban level 16008: attained the rank of Peregrinator (level 10) 17951: performed his first genocide (class L) 18425: acquired the Sokoban amulet of reflection 18682: genocided class h 20166: was bestowed with Giantslayer by The Lady 22613: was bestowed with Vorpal Blade by The Lady 25977: killed Medusa 26169: attained the rank of Traveler (level 14) 27950: found Sunsword carried by a monster 28540: found Trollsbane on the floor 29721: made his first wish - "2 holy charging", got "a scroll labeled ZLORFIK" 29831: wished for "marker", got "a magic marker" 30105: genocided shocking spheres 32099: acquired the Mines' End luckstone 33657: wished for "marker", got "a magic marker" 34296: genocided class ; 37148: found the Platinum Yendorian Express Card on the floor 37175: killed the Master of Thieves 37176: acquired the Bell of Opening 43723: entered Gehennom 44617: genocided energy vortices 44623: wished for "blessed ring of polymorph control", got "a pearl ring" 46064: killed Juiblex 46262: bribed Asmodeus with 38 zorkmids for safe passage 46769: bribed Baalzebub with 43 zorkmids for safe passage 47101: destroyed Vlad the Impaler 47102: acquired the Candelabrum of Invocation 47554: killed Orcus 50323: killed the Wizard of Yendor 50325: acquired the Book of the Dead 50364: performed the invocation 50435: killed the Wizard of Yendor (2nd time) 50439: killed the Wizard of Yendor (3rd time) 50512: killed the invisible high priestess of Moloch 50515: acquired The Amulet of Yendor 50516: just blew up his bag of holding 50541: wished for "blessed greased bag of holding", got "a greased bag of holding" 51934: killed the Wizard of Yendor (5th time) 52697: entered the Elemental Planes 52697: entered Plane of Earth 52774: entered Plane of Air 52820: entered Plane of Fire 52864: entered Plane of Water 53322: entered the Astral Plane 53337: killed Death 53362: killed Death (2nd time) 53396: killed Death (3rd time) 53422: killed the invisible Famine 53431: killed Pestilence 53437: ascended Vanquished creatures: Orcus Juiblex the Wizard of Yendor (8 times) Death (thrice) Pestilence Famine Vlad the Impaler a high cleric a mastodon Medusa 3 krakens the Master of Thieves an iron golem 4 storm giants a balrog 2 purple worms 8 gray dragons a gold dragon a silver dragon 4 red dragons an orange dragon 2 black dragons 3 blue dragons 2 yellow dragons 18 minotaurs 2 jabberwocks 3 baluchitheria an Angel 6 pit fiends a sandestin a hell hound a displacer beast 7 titanotheres a trapper a baby white dragon 4 baby yellow dragons 2 genetic engineers 20 vampire leaders 4 skeletons 8 captains 6 shades 2 clay golems 3 nurses 3 ice devils 3 nalfeshnees a lurker above 2 Aleaxes 2 frost giants 4 ettins 3 golden nagas 11 black puddings 32 vampires 11 lieutenants a watch captain 35 ghosts 2 queen bees a winged gargoyle 11 giant mimics 7 long worms 5 zruties a fire giant 9 ogre tyrants 3 ice trolls 5 rock trolls 6 umber hulks 3 flesh golems 4 elven monarchs 3 doppelgangers 5 hezrous 13 bone devils 9 large mimics 3 wumpuses 2 fire vortices a baby purple worm 3 couatls 4 stalkers 3 air elementals 2 fire elementals 6 earth elementals 11 water elementals 15 hill giants 2 giant mummies 3 black nagas 8 xorns 22 giant zombies 7 elf-nobles 29 sergeants 3 barbed devils 8 vrocks a salamander 4 wargs a winter wolf 2 hell hound pups 22 small mimics 3 glass piercers 4 warhorses a steam vortex 9 xans 3 ettin mummies 5 ogre leaders 6 quantum mechanics 8 trolls 4 sasquatches 3 wood golems an erinys 5 mariliths 4 sharks 5 gelatinous cubes 2 pyrolisks a large dog 5 freezing spheres 5 flaming spheres 2 shocking spheres 3 tigers 8 gargoyles 6 tengu 3 ochre jellies 7 leocrottas an energy vortex 3 mountain centaurs 7 stone giants 6 elf mummies 6 human mummies 2 red nagas a green slime 3 pythons 14 pit vipers 23 cobras 55 wraiths 3 carnivorous apes 20 ettin zombies 3 leather golems 12 Grey-elves 117 soldiers 5 watchmen 10 amorous demons 6 horned devils 10 chameleons 17 giant beetles 4 quivering blobs 13 cockatrices 10 wolves 13 winter wolf cubs 3 lynxes 2 panthers 4 gremlins 3 spotted jellies 21 leprechauns 2 iron piercers a mumak 110 giant spiders 9 scorpions 2 ice vortices 9 black lights 10 vampire bats 25 forest centaurs 4 gnome rulers an orc mummy 5 dwarf mummies 6 ogres 8 rust monsters 8 owlbears 2 yetis 3 gold golems 5 werewolves 7 Green-elves 2 piranha 7 giant eels 15 lizards 2 chickatrices 5 jaguars 2 dwarf leaders 2 blue jellies 2 white unicorns a gray unicorn 2 black unicorns 6 dust vortices 4 ravens a plains centaur a Kop Kaptain 3 gnome mummies 10 snakes 10 apes 18 human zombies a rope golem 4 Woodland-elves 23 soldier ants 13 fire ants 2 bugbears 4 imps 3 quasits 4 wood nymphs 6 water nymphs 18 Mordor orcs 11 Uruk-hai 3 orc shamans 4 rock piercers 8 rock moles a pony a fog cloud 15 yellow lights 3 shriekers 4 violet fungi 15 gnome leaders 3 gnomish wizards 3 Kop Lieutenants 3 kobold mummies 5 black naga hatchlings 6 gray oozes 2 barrow wights 17 elf zombies 22 ghouls 3 straw golems 4 paper golems 2 jellyfish a baby crocodile 24 giant ants 10 floating eyes a kitten 10 dwarves 4 homunculi 5 kobold leaders 2 kobold shamans 26 hill orcs 25 rothes 3 rabid rats 15 centipedes 6 giant bats 5 monkeys 23 orc zombies 19 dwarf zombies a wererat a werejackal 15 iguanas 54 killer bees 6 acid blobs 2 coyotes 2 gas spores 7 hobbits 2 large kobolds 5 hobgoblins 2 giant rats 16 cave spiders 6 yellow molds 2 green molds a red mold 59 gnomes 6 Keystone Kops 7 garter snakes 24 gnome zombies 20 geckos 7 jackals 2 foxes 3 kobolds 4 goblins 15 grid bugs 4 bats 14 lichens 11 kobold zombies 17 newts 2018 creatures vanquished. Genocided or extinct species: arch-liches krakens master liches demiliches master mind flayers liches mind flayers sharks electric eels shocking spheres dwarf rulers energy vortices soldiers (extinct) piranha giant eels dwarf leaders bugbears jellyfish dwarves hobbits 19 species genocided. 1 species extinct. Voluntary challenges: You read items or engraved 179 times. You engraved Elbereth 10 times. You genocided 19 types of monsters. You used 5 wishes. You did not wish for any artifacts. You violated the special Sokoban rules once. Achievements: You attained the rank of Sightseer. You entered the Gnomish Mines. You entered Minetown. You entered a shop. You entered a temple. You attained the rank of Excursionist. You entered Sokoban. You attained the rank of Peregrinator. You completed Sokoban. You defeated Medusa. You attained the rank of Traveler. You learned the tune to open and close the Castle's drawbridge. You completed the Gnomish Mines. You handled the Bell of Opening. You entered Gehennom. You had the Candelabrum of Invocation. You handled the Book of the Dead. You gained access to Moloch's Sanctum. You reached the Elemental Planes. You reached the Astral Plane. You delivered the Amulet of Yendor. You ascended! The Elemental Planes: Astral Plane: <- You are here. Some temples. Plane of Water: Plane of Fire: Plane of Air: Plane of Earth: The Dungeons of Doom: levels 1 to 25 Level 1: A fountain, a sink. One way stairs up to The Elemental Planes. Level 2: "v" Stairs down to The Gnomish Mines. Level 3: Level 4: A sink. Level 5: A fountain. Level 6: A general store. Level 7: A fountain. Level 8: A general store, a fountain, a grave. Level 9: Many fountains. Oracle of Delphi. Level 10: "v stash ORB" A general store, a fountain, some graves. Stairs up to Sokoban, level 9. Level 11: Level 12: Level 13: "v" A sink, a grave. Level 14: A temple. Level 15: "stash" A temple to The Lady. Level 16: Summoned by Twoflower. Portal to The Quest. Level 17: Some graves. Level 18: A primitive area. Level 19: A weapon shop. Level 20: A fountain. Level 21: A fountain. Level 22: Some fountains, many trees. Level 23: A sink. Level 24: Level 25: The castle (play notes "BADDF" to open or close drawbridge). Connection to Gehennom. Gehennom: levels 26 to 49 Level 26: "spellbooks/drum" A temple, many graves. Valley of the Dead. Level 27: Level 28: Level 29: Level 30: Level 31: A fountain. Level 32: Level 33: Level 34: Stairs up to Vlad's Tower, level 33. Level 35: Some shops, an altar. Level 36: Level 37: Level 38: Level 39: Level 40: "wiz" Level 41: Level 42: Level 43: Level 44: Level 45: Level 46: "tpwer" Level 47: Level 48: Level 49: A temple, many graves. Moloch's Sanctum. The Gnomish Mines: levels 3 to 10 Level 3: Level 4: Level 5: Many shops, a temple, some fountains, a sink. Level 6: Level 7: Level 8: Level 9: Level 10: Some fountains. The Quest: levels 1 to 6 Level 1: A throne, some graves. Given quest by Twoflower. Level 2: Level 3: Some shops, many graves. Level 4: Level 5: Level 6: Some shops, many graves. Sokoban: levels 9 up to 6 Level 6: Solved. Level 7: Solved. Level 8: Solved. Level 9: Solved. Vlad's Tower: levels 33 up to 31 Level 31: Level 32: Level 33: Aloha Zega the Demigod... You went to your reward with 2097702 points, The Platinum Yendorian Express Card (worth 7000 zorkmids and 17500 points) The Candelabrum of Invocation (worth 5000 zorkmids and 12500 points) Vorpal Blade (worth 4000 zorkmids and 10000 points) 2 amulets of magical breathing (worth 300 zorkmids), 1 amulet of life saving (worth 150 zorkmids), 1 amulet of reflection (worth 150 zorkmids), 1 amulet of flying (worth 150 zorkmids), and 310 pieces of gold, after 53437 moves. You were level 14 with a maximum of 208 hit points when you ascended.